AoeStats
← Gérard Archer

Black Forest

509674979Analyzed
2v2 RM · 6d ago on Sep 27, 2026· 56m 12s· 4 players
Game mode
Random Map
Map size
Medium (4 player)
Population
200
Speed
Normal
Resources
Standard
Victory
Conquest
Starting age
Dark Age
Ending age
Imperial Age
RankedLock teamsTeams togetherTeam positionsShared explorationLock speedFull tech treeHidden civsTurbo modeCheats
Victory
Defeat
🇫🇷 Wei · France
756
+15
🇫🇷 Teutons · France
702
+17
🇹🇷 Franks · Türkiye
735
-16
🇦🇷 Inca · Argentina
725
-27
templarioclero
12:26 Feudal Age
14:06 Wheelbarrow
13:20 Horse Collar
14:38 Double-Bit Axe
21:00 Castle Age
FATİH
11:12 Loom
13:52 Feudal Age
14:41 Double-Bit Axe
17:57 Castle Age
16:16 Double-Bit Axe
18:20 Man-at-Arms
22:38 Husbandry
23:03 Bow Saw
23:59 Gold Mining
25:51 Gold Shaft Mining
27:13 Long Swordsman
27:39 Gambesons
27:20 Pikeman
28:00 Squires
30:55 Forging
32:35 Wheelbarrow
33:25 Iron Casting
36:06 Imperial Age
36:11 Hand Cart
36:55 Cavalier
40:02 Chemistry
38:29 Paladin
40:32 Blast Furnace
39:42 Scale Barding Armor
41:23 Chain Barding Armor
41:43 Heavy Scorpion
43:54 Blast Furnace
43:30 Plate Barding Armor
48:25 Chivalry
52:02 Conscription
54:33 Light Cavalry
kinge564
0:35 Loom
12:51 Feudal Age
13:27 Double-Bit Axe
14:28 Stone Mining
14:29 Gold Mining
19:15 Man-at-Arms
19:41 Arson
24:52 Castle Age
23:48 Scale Mail Armor
23:59 Forging
24:38 Horse Collar
26:03 Heavy Plow
26:21 Chain Mail Armor
27:57 Iron Casting
27:37 Squires
32:05 Bow Saw
34:35 Stone Shaft Mining
37:36 Imperial Age
34:45 Long Swordsman
37:28 Ironclad
36:57 Gambesons
42:16 Crenellations
42:17 Conscription
42:29 Cavalier
45:49 Blast Furnace
45:32 Elite Teutonic Knight
49:11 Paladin
51:13 Two-Handed Swordsman
52:32 Champion
53:49 Arrowslits
53:55 Guard Tower
54:16 Fortified Wall
53:57 Heated Shot
54:18 Masonry
55:11 Chemistry
Gérard Archer
0:29 Loom
13:57 Feudal Age
17:09 Wheelbarrow
20:20 Padded Archer Armor
20:10 Fletching
30:05 Castle Age
28:28 Gold Mining
28:26 Double-Bit Axe
28:22 Horse Collar
30:17 Stone Mining
33:05 Bow Saw
32:57 Heavy Plow
34:36 Hand Cart
34:08 Town Watch
38:56 Imperial Age
36:29 Pikeman
38:24 Squires
38:10 Arson
39:59 Forging
39:49 Scale Mail Armor
40:10 Fortified Wall
39:43 Treadmill Crane
40:15 Masonry
40:29 Halberdier
42:27 Conscription
44:48 Chemistry
44:12 Ballistics
45:33 Town Patrol
53:16 Chain Mail Armor
53:36 Iron Casting
53:33 Murder Holes
Connection lost

Rejoining the realm…

Still unreachable

The connection could not be restored.

Session expired

The server has moved on; the page needs a fresh start.